 Dungeon Crawl Stone Soup version 0.30-a0-782-ge64f9170bb (webtiles) character file.

Game seed: 9139084636133053139

960 P0068685 the Cudgeller (level 7, -7/68 HPs)
             Began as a Troll Fighter on Feb 20, 2023.
             Mangled by an ogre
             ... wielding a +0 giant club
              (13 damage)
             ... on level 5 of the Dungeon.
             The game lasted 00:07:34 (2781 turns).

P0068685 the Cudgeller (Troll Fighter)              Turns: 2781, Time: 00:07:34

Health: -7/68      AC:  5    Str: 27    XL:     7   Next: 92%
Magic:  6/6        EV:  9    Int:  4    God:
Gold:   346        SH:  8    Dex:  9    Spells: 6/6 levels left

rFire   . . .      SeeInvis .    r - +2 whip (venom)
rCold   . . .      Faith    .    c - +0 kite shield
rNeg    . . .      Spirit   .    b - +0 robe
rPois   .          Reflect  .    (helmet restricted)
rElec   .          Harm     .    s - +0 cloak
rCorr   .          Rampage  .    (gloves unavailable)
Will    .....                    (boots unavailable)
Stlth   +                        (no amulet)
HPRegen 1.11/turn                (no ring)
MPRegen 0.10/turn                (no ring)

@: no status effects
A: large, unfitting armour, claws 3, regeneration 1, shaggy fur 1, tough skin 1
a: no special abilities


You were on level 5 of the Dungeon.
You visited 1 branch of the dungeon, and saw 5 of its levels.

You collected 382 gold pieces.
You spent 36 gold pieces at shops.

Inventory:

Hand Weapons
 a - a +0 morningstar
 r - a +2 whip of venom (weapon)
Missiles
 g - 40 stones (quivered)
 k - 2 datura-tipped darts
 q - 4 boomerangs
 z - 2 throwing nets
Armour
 b - a +0 robe (worn)
 c - a +0 kite shield (worn)
 s - a +0 cloak (worn)
Wands
 t - a wand of roots (12)
 x - a wand of flame (19)
 y - a wand of mindburst (12)
Scrolls
 e - 2 scrolls of noise {unknown}
 h - a scroll of amnesia {unknown}
 i - 2 scrolls of teleportation {unknown}
 j - 2 scrolls of enchant weapon {unknown}
 l - 5 scrolls of identify {unknown}
 n - a scroll of summoning {unknown}
 p - a scroll of blinking {unknown}
 u - 2 scrolls of enchant armour {unknown}
Potions
 d - 3 potions of might
 f - 6 potions of curing
 m - 3 potions of mutation {unknown}
 o - a potion of lignification {unknown}
 v - a potion of attraction {unknown}
 w - a potion of berserk rage {unknown}


   Skills:
 * Level 3.6 Fighting
 * Level 5.4 Maces & Flails
 * Level 2.1 Armour
 * Level 4.1 Dodging
 * Level 4.3 Shields


You had 6 spell levels left.
You didn't know any spells.
Your spell library contained the following spells:

 Spells                   Type           Power      Damage    Failure   Level
 Freeze                   Ice            0%         1d3       78%         1
 Magic Dart               Conj           0%         1d3       78%         1
 Ensorcelled Hibernation  Hex/Ice        0%         N/A       89%         2
 Searing Ray              Conj           0%         2d4       89%         2
 Sublimation of Blood     Necr           0%         N/A       89%         2
 Frozen Ramparts          Ice            0%         1d1       98%         3
 Hailstorm                Conj/Ice       0%         3d3       98%         3
 Fulminant Prism          Conj/Hex       0%         3d5       100%        4
 Petrify                  Tmut/Erth      0%         N/A       100%        4
 Summon Ice Beast         Ice/Summ       0%         N/A       100%        4
 Irradiate                Conj/Tmut      0%         3d11      100%        5
 Simulacrum               Ice/Necr       0%         N/A       100%        6


Dungeon Overview and Level Annotations

Branches:
Dungeon (5/15)
 Temple: D:4-7

Altars:
Qazlal
Vehumet
Yredelemnul

Shops:
D:3 !

Annotations:
D:4 1 runed translucent door, HoaS's ghost, amateur GrHu


Innate Abilities, Weirdness & Mutations

You are too large for most types of armour.
You have claws for hands.
Your natural rate of healing is unusually fast.
You are covered in fur. (AC +1)
You have tough skin. (AC +1)


Message History

The hound is moderately wounded.
You block the hound's attack. The hound bites you.
The ogre hits you with a +0 giant club! You block the hound's attack.
You hit the hound but do no damage.
The hound is moderately wounded.
The hound bites you but does no damage. You block the hound's attack.
The hound barely misses you.
You hit the hound.
The hound looks as sick as possible!
The hound is heavily wounded.
You block the hound's attack.
The ogre hits you with a +0 giant club!!
The hound bites you but does no damage. x2
You are too injured to fight recklessly!
Unknown command.
You are too injured to fight recklessly!
Unknown command.
Unknown command.
You are too injured to fight recklessly!
The ogre attacks as you move away! The ogre hits you with a +0 giant club!
* * * LOW HITPOINT WARNING * * *
The hound bites you but does no damage. The hound attacks as you move away!
The hound bites you but does no damage.
You kill the hound!
The hound attacks as you move away! The hound closely misses you.
The hound bites you but does no damage. The hound attacks as you move away!
The hound bites you.
* * * LOW HITPOINT WARNING * * *
The hound attacks as you move away! The hound bites you.
* * * LOW HITPOINT WARNING * * *
The hound bites you.
* * * LOW HITPOINT WARNING * * *
There is a large open door here.
You completely miss the hound. You block the hound's attack.
The hound bites you.
* * * LOW HITPOINT WARNING * * *
You hit the hound but do no damage.
The hound is poisoned.
You block the hound's attack.
You closely miss the hound. The hound barely misses you.
The ogre hits you with a +0 giant club!
You die...

......... ♣....♣
♣†...♣ ♣....♣ #
..♣♣♣♣....♣♣♣♣..#
................#
................#
#######hO########
#.###..@.# # ##
#..#...### # ..
##...###.. # #.
##.......# #
#####.##..#######
#
#...#.#..........
#
#...#>#..########
###...#....#
§...[.[[..##


You could see an ogre and a hound (very poisoned).

Vanquished Creatures
  Sigmund (D:3)
  3 ogres
  A phantom (D:5)
  A gnoll sergeant (D:5)
  A hound (D:5)
  A jelly (D:5)
  Crazy Yiuf (D:3)
  3 orc priests
  An orc wizard (D:4)
  4 gnolls (D:5)
  5 adders
  A white imp (D:5)
  An ufetubus (D:4)
  A worm (D:4)
  4 dart slugs
  8 orcs
  11 endoplasms
  3 giant cockroaches
  12 goblins
  13 hobgoblins
  6 jackals
  3 kobolds
  A quokka (D:2)
  10 ball pythons
  7 bats
  A frilled lizard (D:1)
  4 rats
108 creatures vanquished.

Vanquished Creatures (others)
  A fungus (D:3)
  4 plants (D:2)
5 creatures vanquished.

Grand Total: 113 creatures vanquished

Notes
Turn   | Place    | Note
-------+----------+-------------------------------------------
     0 | D:1      | P0068685 the Troll Fighter began the quest for the Orb.
     0 | D:1      | Reached XP level 1. HP: 22/22 MP: 0/0
    59 | D:1      | Got Gusoeq's Notes on the Icicle
    74 | D:1      | Reached XP level 2. HP: 29/29 MP: 1/1
   244 | D:1      | Reached skill level 2 in Maces & Flails
   478 | D:1      | Reached XP level 3. HP: 36/36 MP: 2/2
   692 | D:2      | Found a radiant altar of Vehumet.
   831 | D:2      | Found a faded altar of an unknown god.
  1179 | D:3      | Found a basalt altar of Yredelemnul.
  1182 | D:3      | Found a stormy altar of Qazlal.
  1208 | D:3      | Noticed Sigmund
  1250 | D:3      | Killed Sigmund
  1251 | D:3      | Reached skill level 3 in Maces & Flails
  1251 | D:3      | Reached skill level 1 in Armour
  1251 | D:3      | Reached XP level 4. HP: 37/45 MP: 3/3
  1251 | D:3      | Reached XP level 5. HP: 43/53 MP: 4/4
  1309 | D:3      | Found Pilompar's Distillery.
  1331 | D:3      | Bought a potion of curing for 36 gold pieces
  1385 | D:3      | Reached XP level 6. HP: 38/61 MP: 5/5
  1908 | D:3      | Found a runed translucent door.
  1909 | D:3      | Noticed Crazy Yiuf
  1916 | D:3      | Killed Crazy Yiuf
  1917 | D:3      | Reached skill level 4 in Maces & Flails
  2107 | D:4      | Found a runed translucent door.
  2283 | D:4      | Noticed HoaS's ghost (amateur GrHu)
  2385 | D:4      | Reached XP level 7. HP: 67/67 MP: 6/6
  2498 | D:5      | Entered Level 5 of the Dungeon
  2619 | D:5      | Reached skill level 5 in Maces & Flails
  2777 | D:5      | HP: 3/68 [hound (3)]
  2781 | D:5      | Mangled by an ogre

Illustrated notes

Levels and vault maps discovered:
D:1:      minmay_arrival_up_and_down, layout_loops_ring, minmay_tromino_i2
D:2:      layout_rooms, basic_ecumenical_altar, basic_altar, serial_bayou_lake_a
D:3:      layout_rooms, mainiacjoe_overflow_catwalk_spiral, serial_shops, shop,
          uniq_crazy_yiuf_cottage, uniq_sigmund
D:4:      cheibrodos_greedy_goblins, layout_rooms, ebering_ghost_sewer_d
D:5:      layout_rooms, minmay_temple_entry_arrows, kennysheep_dice, uniq_ijyb

Skill      XL: |  1  2  3  4  5  6  7 |
---------------+----------------------+-----
Maces & Flails | 2 3 4 5 |  5.4
Fighting       | 3 |  3.6
Armour         | 1 2 |  2.1
Dodging        | 3 4 |  4.1
Shields        | 3 4 |  4.3

Action                     |  1- 3 |  4- 6 |  7- 9 || total
---------------------------+-------+-------+-------++-------
  Melee: Flail             |   102 |    31 |       ||   133
         Whip              |       |    91 |    85 ||   176
         Morningstar       |       |    22 |       ||    22
    Use: Potion            |     1 |       |       ||     1
 Armour: Robe              |    54 |    28 |    23 ||   105
  Dodge: Dodged            |    59 |    56 |    28 ||   143
  Block: Kite shield       |    56 |    50 |    34 ||   140

Table legend: (Time is in decaauts)
 A = Elapsed time spent in this place.
 B = Non-inter-level travel time spent in this place.
 C = Inter-level travel time spent in this place.
 D = Time resting spent in this place.
 E = Time spent auto-exploring this place.
 F = Levels seen in this place.
 G = Mean time per level.
                   A        B        C        D        E       F      G
               +--------+--------+--------+--------+--------+-----+--------+
         Total |   2845 |   2771 |     74 |     18 |   1914 |   5 |  569.0 |
       Dungeon |   2845 |   2771 |     74 |     18 |   1914 |   5 |  569.0 |
               +--------+--------+--------+--------+--------+-----+--------+

Top non-repeatable levels by time:
     D:3: 944 daAuts
     D:1: 708 daAuts
     D:4: 495 daAuts
     D:2: 415 daAuts
     D:5: 281 daAuts
